 Dungeon Crawl Stone Soup version 0.31-a0-187-gba352fbbf7 (webtiles) character file.

Game seed: 11252067638058505691

37064 Dittersdorf the Fighter (level 13, 0/88 HPs)
             Began as a Gargoyle Fighter on June 22, 2023.
             Was the Champion of Okawaru.
             Killed from afar by a manticore (6 damage)
             ... with a volley of spikes
             ... on level 5 of the Lair of Beasts.
             The game lasted 00:19:09 (15751 turns).

Dittersdorf the Fighter (Gargoyle Fighter)         Turns: 15751, Time: 00:19:10

Health: 0/88       AC: 34    Str: 26    XL:     13   Next: 94%
Magic:  13/13      EV: 10    Int: 12    God:    Okawaru [******]
Gold:   788        SH:  7    Dex: 15    Spells: 12/12 levels left

rFire   + + .        q - +8 whip of Terror {speed, Dex+6}
rCold   + . .        c - +0 buckler
rNeg    + . .        A - +10 ring mail "Plog" {rF++ Int+4}
rPois   ∞            (no helmet)
rElec   +            H - +2 cloak {rPois}
rCorr   .            v - +0 pair of gloves
SInv    .            E - +0 pair of boots {Fly}
Will    .....        h - amulet of faith
Stlth   +            C - ring of protection from cold
HPRegen 0.34/turn    G - +4 ring of slaying
MPRegen 0.13/turn

%: faith
@: spiked, flying
A: sickness immunity, AC +9, negative energy resistance 1, electricity
resistance, torment resistance 1, petrification resistance
a: Renounce Religion, Heroism, Finesse, Duel


You were on level 5 of the Lair of Beasts.
You worshipped Okawaru.
Okawaru was exalted by your worship.
You visited 3 branches of the dungeon, and saw 16 of its levels.

You collected 858 gold pieces.
You spent 70 gold pieces at shops.

Inventory:

Hand Weapons
 q - the +8 whip of Terror (weapon) {speed, Dex+6}
   (You found it on level 4 of the Dungeon)

   Dex:       It affects your dexterity (+6).
 s - a +0 morningstar of flaming
Missiles
 w - 6 throwing nets
 D - 4 curare-tipped darts (quivered)
Armour
 c - a +0 buckler (worn)
 v - a +0 pair of gloves (worn)
 A - the +10 ring mail "Plog" (worn) {rF++ Int+4}
   (You found it on level 9 of the Dungeon)

   Int:       It affects your intelligence (+4).
   rF:        It greatly protects you from fire.
 E - a +0 pair of boots of flying (worn)
 H - a +2 cloak of poison resistance (worn)
 L - a +1 pair of boots of rampaging
Jewellery
 h - an amulet of faith (around neck)
 C - a ring of protection from cold (left hand)
 G - a +4 ring of slaying (right hand)
Wands
 t - a wand of iceblast (4)
 y - a wand of flame (38)
Scrolls
 e - 3 scrolls of fear
 f - 6 scrolls of teleportation
 g - 5 scrolls of blinking
 j - 2 scrolls of poison
 k - a scroll of summoning
 n - a scroll of immolation {unknown}
 p - a scroll of fog {unknown}
 r - 2 scrolls of brand weapon
 F - a scroll of torment {unknown}
 I - a scroll of noise {unknown}
 J - a scroll of enchant weapon {unknown}
 K - 2 scrolls of revelation {unknown}
Potions
 a - 3 potions of resistance {unknown}
 b - 2 potions of mutation
 d - 5 potions of might
 l - a potion of invisibility
 m - 2 potions of enlightenment
 o - 6 potions of curing
 u - 5 potions of heal wounds
 x - 2 potions of berserk rage
 z - a potion of ambrosia
 B - a potion of haste


   Skills:
 + Level 13.4 Fighting
 + Level 12.2 Maces & Flails
 + Level 13.3 Armour
 + Level 13.3 Shields


You had 12 spell levels left.
You didn't know any spells.
Your spell library contained the following spells:

 Spells                   Type           Power      Damage    Failure   Level
 Necrotise                Necr           0%         1d4       43%         1
 Gell's Gravitas          Tloc           0%         N/A       82%         3
 Hailstorm                Conj/Ice       0%         3d3       82%         3
 Inner Flame              Hex/Fire       0%         N/A       82%         3
 Teleport Other           Tloc           0%         N/A       82%         3
 Vampiric Draining        Necr           0%         2d6       82%         3
 Ice Form                 Ice/Tmut       0%         N/A       99%         4
 Agony                    Necr           0%         N/A       100%        5
 Yara's Violent Unravell  Hex/Tmut       0%         3d3       100%        5
 Dispersal                Tloc           0%         N/A       100%        6
 Enfeeble                 Hex            0%         N/A       100%        7
 Simulacrum               Ice/Necr       Unusable   N/A       N/A         6

Dungeon Overview and Level Annotations

Branches:
Dungeon (10/15)            Temple (1/1) D:6            Lair (5/5) D:10
 Shoals (0/4) Lair:2        Snake (0/4) Lair:2
  Slime: Lair:4-5       Orc: D:9-12

Altars:
Dithmenos
Elyvilon
Fedhas
Gozag
Kikubaaqudgha
Makhleb
Nemelex Xobeh
Okawaru
Qazlal
Ru
Sif Muna
Trog
Uskayaw
Vehumet
Xom
Yredelemnul

Shops:
D:5 !   D:6 (

Portals:
Abyss: D:7
Trove: D:10 (give 5 potions of resistance)

Annotations:
D:4 2 transporters, Moral's ghost, novice NaIE
D:7 2 transporters, knightboat's ghost, novice SpEn


Innate Abilities, Weirdness & Mutations

You are immune to sickness and miasma.
Your stone body is resilient. (AC +9)
You are immune to poison.
You resist negative energy. (rN+)
You are resistant to electric shocks. (rElec)
You are resistant to unholy torment.
You are immune to petrification.


Message History

The wind drake attacks as you move away!
You block the wind drake's attack. The steam dragon breathes steam at you.
The ball of steam misses you. The wyvern closely misses you.
The wind drake attacks as you move away!
The wind drake closely misses you.
The wind drake is engulfed in a cloud of scalding steam. x2
The wind drake exhales a fierce blast of wind!
You are knocked back by the gust of wind.
You slam into the rock wall!
The wyvern is knocked back by the gust of wind.
The wyvern slams into the stone wall!
The wyvern is moderately wounded.
Unknown command.
The wyvern is engulfed in a cloud of scalding steam.
The wind drake is engulfed in a cloud of scalding steam.
The wyvern is engulfed in a cloud of scalding steam.
The wind drake flaps its wings at you. The air twists around and strikes you.
* * * LOW HITPOINT WARNING * * *
The wyvern misses you.
You see here an elephant skeleton.
You block the wyvern's attack. The wyvern attacks as you move away!
The wyvern bites you!
* * * LOW HITPOINT WARNING * * *
The wyvern barely misses you. The wyvern attacks as you move away!
The wyvern bites you but does no damage.
You see here a cane toad skeleton.
The wyvern bites you but does no damage.
The wyvern attacks as you move away! The wyvern barely misses you.
You block the wyvern's attack. The wyvern attacks as you move away!
The wyvern closely misses you.
A manticore comes into view.
The manticore moves out of view.
You block the wyvern's attack.
The manticore flicks its tail.
The volley of spikes hits you.
The barbed spikes become lodged in your body.
You die...

#...P.÷...~#~~#~#
#....)P...#P.~#~~
##..÷###~.P~~~##
#...k####~~~~~~~
#...l.##~..~~~~#
##.....##††~#~~##
#.#.....#.~...~~.
##.....l.H...P.~.
#.P....@.........
#.......###......
.........†##.#....
........<.........
.#P.#.............
####.............
#.............
#P...##.#.#...
##P.## #.## #P


You could see a wind drake (repels missiles), a manticore, a komodo dragon and a
wyvern.

Vanquished Creatures
  A hydra (Lair:3)
  Harold (Lair:2)
  A merfolk avatar (Lair:5)
  3 two-headed ogres
  3 skysharks
  A sea snake (Lair:4)
  A lindwurm (Lair:4)
  A harpy (Lair:5)
  2 oklob plants (Lair:3)
  A manticore (Lair:5)
  6 elephants
  5 black mambas
  Maggie (D:8)
  A gargoyle (D:10)
  A kobold demonologist (D:9)
  14 cane toads
  4 rime drakes
  5 komodo dragons
  3 trolls
  3 hornets
  7 dream sheep (Lair:3)
  14 blink frogs
  A snapping turtle (Lair:5)
  A wraith (D:10)
  34 yaks
  6 wyverns
  A steam dragon (D:9)
  Grum (D:8)
  2 acid dragons (D:9)
  2 nagas (Lair:2)
  10 water moccasins
  An orc warrior (D:10)
  4 black bears
  4 sky beasts
  7 centaurs
  18 wolves
  A kobold brigand (D:7)
  11 bullfrogs
  A gnoll sergeant (D:6)
  5 scorpions
  3 wights (D:6)
  10 howler monkeys
  5 orc priests
  3 jellies
  5 hounds
  Terence (D:1)
  5 iguanas
  11 orc wizards
  7 hell rats (Lair:3)
  12 gnolls
  9 adders
  3 ufetubi
  35 orcs
  9 ball pythons
  6 endoplasms
  2 giant cockroaches
  4 goblins
  5 hobgoblins
  4 jackals
  3 quokkas (D:1)
  13 bats
  A frilled lizard (D:2)
  9 kobolds
  4 rats
358 creatures vanquished.

Notes
Turn   | Place    | Note
-------+----------+-------------------------------------------
     0 | D:1      | Dittersdorf the Gargoyle Fighter began the quest for the
                  | Orb.
     0 | D:1      | Reached XP level 1. HP: 14/14 MP: 1/1
   367 | D:1      | Reached XP level 2. HP: 19/19 MP: 2/2
   928 | D:2      | Noticed Terence
   946 | D:1      | Killed Terence
   947 | D:1      | Reached XP level 3. HP: 7/24 MP: 3/3
  1634 | D:2      | Reached XP level 4. HP: 29/29 MP: 4/4
  1929 | D:3      | Found a sparkling altar of Nemelex Xobeh.
  1931 | D:3      | Found a shimmering altar of Xom.
  1940 | D:3      | You fall into a shaft and drop 3 floors!
  1941 | D:6      | Found Jatoif's Antique Weapon Boutique.
  1943 | D:5      | Entered Level 5 of the Dungeon
  1952 | D:5      | Reached XP level 5. HP: 33/33 MP: 5/5
  2060 | D:4      | Noticed a sky beast
  2078 | D:4      | Killed a sky beast
  2079 | D:4      | Reached XP level 6. HP: 27/39 MP: 6/6
  2222 | D:4      | Identified the +8 whip of Terror {speed, Dex+6}
  2302 | D:4      | Reached skill level 5 in Fighting
  2322 | D:3      | Reached skill level 5 in Armour
  2322 | D:3      | Reached skill level 5 in Shields
  2432 | D:3      | Reached XP level 7. HP: 43/44 MP: 7/7
  2516 | D:3      | Found a faded altar of an unknown god.
  3398 | D:4      | Found a transporter.
  3580 | D:4      | Identified the +8 flail of the Turnip {flame, Contam rCorr
                  | Int+4 Stlth+}
  3582 | D:4      | Found a transporter.
  3582 | D:4      | Noticed Moral's ghost (novice NaIE)
  4070 | D:5      | Identified the +1 robe of Penukh {Will+ Regen+ Str+3
                  | Stlth+}
  4206 | D:5      | Found Odegox's Distillery.
  4211 | D:5      | Bought a potion of heal wounds for 70 gold pieces
  4229 | D:5      | Reached XP level 8. HP: 50/51 MP: 8/8
  4552 | D:6      | Reached skill level 5 in Maces & Flails
  4983 | D:6      | Found a staircase to the Ecumenical Temple.
  5093 | Temple   | Entered the Ecumenical Temple
  5207 | Temple   | Became a worshipper of Warmaster Okawaru
  5645 | D:7      | Noticed a hornet
  5656 | D:7      | Killed a hornet
  5657 | D:7      | Reached XP level 9. HP: 44/57 MP: 9/9
  5709 | D:7      | Found a transporter.
  5712 | D:7      | Noticed an ancient zyme
  5736 | D:7      | Reached * piety under Okawaru
  5875 | D:7      | Noticed knightboat's ghost (novice SpEn)
  6103 | D:7      | Found a transporter.
  6107 | D:7      | Found a one-way gate to the infinite horrors of the Abyss.
  6308 | D:8      | Identified a scroll of acquirement
  6308 | D:8      | Acquired the +4 chain mail of Gysiu {rPois Regen+}
  6583 | D:8      | Noticed Maggie
  6600 | D:8      | Killed Maggie
  6600 | D:8      | Reached ** piety under Okawaru
  6612 | D:8      | Noticed a two-headed ogre
  6615 | D:8      | Noticed Grum
  6627 | D:8      | Killed a two-headed ogre
  6627 | D:8      | Reached *** piety under Okawaru
  6663 | D:7      | Reached XP level 10. HP: 28/64 MP: 10/10
  6724 | D:8      | Noticed a two-headed ogre
  6737 | D:8      | Killed Grum
  6743 | D:8      | Killed a two-headed ogre
  7698 | D:9      | Reached **** piety under Okawaru
  7804 | D:9      | Identified the +10 ring mail "Plog" {rF++ Int+4}
  8978 | D:10     | Entered Level 10 of the Dungeon
  9078 | D:10     | Noticed a kobold demonologist
  9079 | D:10     | Noticed a soul eater
  9136 | D:9      | Noticed a soul eater
  9138 | D:9      | Killed a kobold demonologist
  9177 | D:9      | Reached ***** piety under Okawaru
  9201 | D:10     | Reached XP level 11. HP: 65/72 MP: 11/11
  9371 | D:10     | Found a staircase to the Lair.
  9562 | D:10     | Noticed a two-headed ogre
  9577 | D:10     | Received a gift from Okawaru
  9593 | D:10     | Killed a two-headed ogre
  9594 | D:10     | Reached skill level 10 in Fighting
  9594 | D:10     | Reached skill level 10 in Armour
  9594 | D:10     | Reached skill level 10 in Shields
 10001 | D:10     | Found a portal to a secret trove of treasure.
 10110 | Lair:1   | Entered Level 1 of the Lair of Beasts
 11018 | Lair:1   | Received a gift from Okawaru
 11444 | Lair:2   | Reached XP level 12. HP: 76/80 MP: 12/12
 11526 | Lair:2   | Found a staircase to the Snake Pit.
 11649 | Lair:2   | Reached skill level 10 in Maces & Flails
 11876 | Lair:2   | Reached ****** piety under Okawaru
 11880 | Lair:2   | Noticed Harold
 11895 | Lair:2   | Killed Harold
 12108 | Lair:2   | Found a staircase to the Shoals.
 12765 | Lair:3   | Noticed a skyshark
 12776 | Lair:3   | Killed a skyshark
 12789 | Lair:3   | Found a basalt altar of Yredelemnul.
 12827 | Lair:3   | Received a gift from Okawaru
 13282 | Lair:3   | Received a gift from Okawaru
 13534 | Lair:3   | Noticed a six-headed hydra
 13545 | Lair:3   | Reached XP level 13. HP: 86/86 MP: 13/13
 15256 | Lair:5   | Entered Level 5 of the Lair of Beasts
 15343 | Lair:5   | Received a gift from Okawaru
 15682 | Lair:5   | Identified the +1 ring mail of Yhoirgha {Str+3} (Okawaru
                  | gifted it to you on level 5 of the Lair of Beasts)
 15682 | Lair:5   | Received a gift from Okawaru
 15743 | Lair:5   | HP: 3/88 [wyvern (13)]
 15751 | Lair:5   | Killed from afar by a manticore

Illustrated notes

Levels and vault maps discovered:
D:1:      dpeg_arrival_concentric_ovals, layout_loops_corners
D:2:      layout_basic, item_on_display_a, uniq_terence
D:3:      layout_basic, chequers_temple_overflow_statue_of_worship,
          shapermc_ecumenical_altar_totnotflames
D:4:      minmay_spotlight, layout_loops_cross, gammafunk_ghost_stat_death,
          kennysheep_cluttered_room
D:5:      layout_cave_pools, serial_shops, nicolae_shop_just_a_little_nook
D:6:      layout_loops_ring, temple_doors_e, serial_shops, nicolae_square_shop
D:7:      layout_basic, gammafunk_ghost_abyssal_escape, nicolae_letterblocks
          [nicolae_letter_subblock, nicolae_letter_subblock,
          nicolae_letter_subblock, nicolae_letter_subblock,
          nicolae_letter_subblock, nicolae_letter_subblock,
          nicolae_letter_subblock, nicolae_letter_subblock,
          nicolae_letter_subblock, nicolae_letter_subblock,
          nicolae_letter_subblock, nicolae_letter_subblock,
          nicolae_letter_subblock, nicolae_letter_subblock,
          nicolae_letter_subblock, nicolae_letter_subblock,
          nicolae_letter_subblock, nicolae_letter_subblock,
          nicolae_letter_subblock, nicolae_letter_subblock,
          nicolae_letter_subblock, nicolae_letter_subblock,
          nicolae_letter_subblock, nicolae_letter_subblock,
          nicolae_letter_subblock]
D:8:      layout_layer_cave, uniq_maggie, uniq_grum
D:9:      layout_layer_cave
D:10:     layout_gridville, due_lair_maze_entry_diamond,
          nicolae_trove_entry_crossroad, minmay_diced_spiral
Temple:   nicolae_temple_slightly_damp_pantheon
Lair:1:   layout_cave_pods, chequers_serial_rivers_room_b
Lair:2:   layout_gridlike, minmay_shoals_entry_centaurs,
          guppyfry_snake_entry_garden, serial_bayou_shore_b,
          infiniplex_staircase_pool_2, grunt_megastairs_4, uniq_harold
Lair:3:   layout_misc_corridors, basic_altar, serial_bayou_pond_b,
          lemuel_fruit_tree
Lair:4:   layout_small_grid, chequers_serial_rivers_room_a, beast_lair_carwin_5
Lair:5:   gammafunk_lair_ancient_temple, layout_layer_cave,
          minmay_slime_entry_pillars, basic_altar, st_stairs_10,
          cheibrodos_lair_lostbears

Skill      XL: |  1  2  3  4  5  6  7  8  9 10 11 12 13 |
---------------+----------------------------------------+-----
Fighting       | 4 5 7 8 9 11 12 13 | 13.4
Armour         | 4 5 6 8 9 10 12 13 | 13.3
Shields        | 4 5 6 8 9 10 12 13 | 13.3
Maces & Flails | 3 4 5 7 8 9 11 12 | 12.2

Action                     |  1- 3 |  4- 6 |  7- 9 | 10-12 | 13-15 || total
---------------------------+-------+-------+-------+-------+-------++-------
  Melee: Flail             |   117 |    82 |       |       |       ||   199
         Whip              |       |    28 |   424 |   799 |   454 ||  1705
 Invoke: Heroism           |       |       |       |     2 |       ||     2
    Use: Scroll            |       |       |     7 |     6 |     4 ||    17
 Armour: Scale mail        |    91 |    59 |    39 |       |       ||   189
         Chain mail        |       |       |   155 |    24 |       ||   179
         Ring mail         |       |       |       |   272 |   182 ||   454
  Dodge: Dodged            |    73 |    52 |   108 |   204 |   122 ||   559
  Block: Buckler           |    34 |    38 |    82 |   172 |   135 ||   461

Table legend: (Time is in decaauts)
 A = Elapsed time spent in this place.
 B = Non-inter-level travel time spent in this place.
 C = Inter-level travel time spent in this place.
 D = Time resting spent in this place.
 E = Time spent auto-exploring this place.
 F = Levels seen in this place.
 G = Mean time per level.
                   A        B        C        D        E       F      G
               +--------+--------+--------+--------+--------+-----+--------+
         Total |  14900 |  14261 |    639 |   1234 |  10654 |  16 |  931.2 |
       Dungeon |   9696 |   9166 |    530 |    785 |   6798 |  10 |  969.6 |
        Temple |    133 |    115 |     18 |      0 |     96 |   1 |  133.0 |
          Lair |   5070 |   4981 |     89 |    449 |   3760 |   5 | 1014.0 |
               +--------+--------+--------+--------+--------+-----+--------+

Top non-repeatable levels by time:
     D:9: 1446 daAuts
  Lair:4: 1413 daAuts
  Lair:2: 1232 daAuts
  Lair:1: 1223 daAuts
     D:3: 1202 daAuts
     D:8: 1193 daAuts
     D:1: 1058 daAuts
  Lair:3: 981 daAuts
     D:4: 900 daAuts
    D:10: 873 daAuts
     D:7: 871 daAuts
     D:6: 783 daAuts
     D:2: 773 daAuts
     D:5: 593 daAuts
  Lair:5: 218 daAuts
